 Dungeon Crawl Stone Soup version 0.25-a0-583-g696c2ac (webtiles) character file.

Game seed: 17419528992103556366, levelgen mode: deterministic

688 Faels the Cutter (level 7, -5/52 HPs)
             Began as a Demonspawn Monk on Mar 7, 2020.
             Was a Priest of Okawaru.
             Slain by an ogre
             ... wielding a +0 giant spiked club
              (26 damage)
             ... on level 5 of the Dungeon on Mar 8, 2020.
             The game lasted 00:15:27 (6881 turns).

Faels the Cutter (Demonspawn Monk)                  Turns: 6881, Time: 00:15:28

Health: -5/52      AC: 10    Str: 11    XL:     7   Next: 36%
Magic:  17/17      EV:  5    Int: 18    God:    Okawaru [***...]
Gold:   137        SH:  9    Dex: 17    Spells: 6/6 levels left

rFire    + . .     SeeInvis .   D - +0 rapier
rCold    + . .     Gourm    .   q - +1 kite shield of Vlad {rC+ rCorr MP+9 Int+2}
rNeg     . . .     Faith    .   r - +0 chain mail (curse)
rPois    .         Spirit   .   (helmet restricted)
rElec    .         Reflect  .   (no cloak)
rCorr    +         Harm     .   (no gloves)
MR       .....                  (no boots)
Stlth    ..........             s - amulet of rage
HPRegen  0.17/turn              e - +2 ring of evasion
MPRegen  0.15/turn              w - +4 ring of intelligence

@: no status effects
A: antennae 2, slimy green scales 1, fire resistance 1, powered by death 1
a: Heroism, Renounce Religion, Evoke Berserk Rage


You were on level 5 of the Dungeon.
You worshipped Okawaru.
Okawaru was most pleased with you.
You were not hungry.

You visited 1 branch of the dungeon, and saw 6 of its levels.

You collected 137 gold pieces.

Inventory:

Hand Weapons
 a - a +0 short sword
 g - a +0 dagger
 v - a +3 mace
 x - a +0 fustibalus
 z - a +0 long sword
 D - a +0 rapier (weapon)
Missiles
 t - 15 poisoned darts (quivered)
 E - a throwing net
Armour
 b - a +0 robe
 i - a +0 leather armour
 m - a +0 scale mail
 q - the +1 kite shield of Vlad (worn) {rC+ rCorr MP+9 Int+2}
   (You found it on level 5 of the Dungeon)

   It affects your intelligence (+2).
   It protects you from cold.
   It affects your magic capacity (+9).
   It provides partial protection from all sources of acid and corrosion.
 r - a cursed +0 chain mail (worn)
Jewellery
 e - a +2 ring of evasion (left hand)
 s - an amulet of rage (around neck)
 w - a +4 ring of intelligence (right hand)
Wands
 o - a wand of flame (24)
Scrolls
 d - a scroll of remove curse
 f - a scroll of enchant weapon {unknown}
 j - a scroll of amnesia {unknown}
 k - 2 scrolls of enchant armour
 l - a scroll of fear {unknown}
 n - a scroll of teleportation {unknown}
 p - 2 scrolls of blinking
 y - a scroll of magic mapping {unknown}
Potions
 h - a potion of degeneration
 u - 2 potions of curing
 A - a potion of flight {unknown}
 B - a potion of berserk rage {unknown}
 C - a potion of heal wounds
Comestibles
 c - 8 rations


   Skills:
 - Level 3.0 Fighting
 * Level 6.7 Short Blades
 - Level 3.5 Dodging
 - Level 1.7 Stealth
 + Level 1.9 Shields
 - Level 2.6 Evocations


You had 6 spell levels left.
You didn't know any spells.
Your spell library contained the following spells:

 Spells                   Type           Power        Failure   Level  Hunger
 Magic Dart               Conj           #...         100%        1    ##.....
 Blink                    Tloc           N/A          100%        2    ###....
 Call Imp                 Summ           #.......     100%        2    ###....
 Slow                     Hex            #.......     100%        2    ###....
 Conjure Flame            Conj/Fire      #.......     100%        3    ####...
 Mephitic Cloud           Conj/Pois/Air  #.......     100%        3    ####...


Dungeon Overview and Level Annotations

Branches:
Dungeon (6/15)
 Temple: D:4-7

Altars:
Cheibriados
Kikubaaqudgha
Okawaru
Zin


Innate Abilities, Weirdness & Mutations

You have a pair of antennae on your head.
You are partially covered in slimy green scales. (AC +2)
Your flesh is heat resistant. (rF+)
You regenerate a little health from kills.


Message History

You climb upwards.
There is a stone staircase leading down here.
You puncture the ogre!
The ogre is moderately wounded.
The ogre barely misses you.
You puncture the ogre!
The ogre is heavily wounded.
You hit the ogre but do no damage.
The ogre is heavily wounded.
The ogre hits you with a +0 giant spiked club!!
Your chain mail prevents you from hitting the ogre.
The ogre is heavily wounded.
The ogre barely misses you.
You hit the ogre.
The ogre is heavily wounded.
You closely miss the ogre.
The ogre is heavily wounded.
The ogre hits you with a +0 giant spiked club!!
Ouch! That really hurt!
You die...

####### #...... ####### #......
#.....# #...... #.....# #......
#.....# ####### #.....# #...
########.....################.##
#.............O@................
##.#####.....##.#############.##
#.# ######.....# #.# #.#
#####..[..# #.# #.#
#.....)...###########.## #.#
#.###.....'............. #.# #.#
#.....###########.## #.# #.#
#.....#......# #.# ##.######.#
##.####......####.#


You could see an ogre.

Vanquished Creatures
  Eustachio (D:6)
  A sky beast (D:5)
  A crimson imp (D:6)
  An orc priest (D:3)
  A centaur skeleton (D:6)
  An orc wizard (D:5)
  A bullfrog skeleton (D:5)
  5 worker ants
  5 adders
  3 gnolls (D:5)
  5 oozes
  4 worms
  A dart slug (D:3)
  2 leopard geckos
  6 orcs
  A ball python (D:5)
  5 goblins
  7 hobgoblins
  4 jackals (D:3)
  6 kobolds
  2 quokkas
  11 bats
  3 frilled lizards (D:3)
  2 leopard gecko skeletons
  6 rats
85 creatures vanquished.

Notes
Turn   | Place    | Note
-------+----------+-------------------------------------------
     0 | D:1      | Faels the Demonspawn Monk began the quest for the Orb.
     0 | D:1      | Reached XP level 1. HP: 18/18 MP: 1/1
   183 | D:1      | Reached skill level 3 in Short Blades
   214 | D:1      | Gained mutation: Your flesh is heat resistant. (rF+)
                  | [demonic ancestry]
   214 | D:1      | Reached XP level 2. HP: 15/24 MP: 2/2
   702 | D:2      | Found an ancient bone altar of Kikubaaqudgha.
   887 | D:2      | Found an iron altar of Okawaru.
   900 | D:2      | Became a worshipper of Warmaster Okawaru
   900 | D:2      | Reached * piety under Okawaru
   900 | D:2      | Reached ** piety under Okawaru
   984 | D:2      | Found a glowing silver altar of Zin.
  1243 | D:2      | Gained mutation: You have a pair of small antennae on your
                  | head. [demonic ancestry]
  1243 | D:2      | Reached XP level 3. HP: 11/29 MP: 3/3
  1844 | D:2      | Reached skill level 4 in Short Blades
  1844 | D:2      | Gained mutation: You are partially covered in slimy green
                  | scales. (AC +2) [demonic ancestry]
  1844 | D:2      | Reached XP level 4. HP: 33/35 MP: 4/4
  3022 | D:3      | Gained mutation: You regenerate a little health from kills.
                  | [demonic ancestry]
  3022 | D:3      | Reached XP level 5. HP: 41/41 MP: 5/5
  3885 | D:4      | Reached skill level 1 in Evocations
  4386 | D:4      | Reached skill level 5 in Short Blades
  4676 | D:5      | Entered Level 5 of the Dungeon
  4918 | D:5      | Noticed a sky beast
  4954 | D:5      | Killed a sky beast
  4954 | D:5      | Reached XP level 6. HP: 10/47 MP: 7/7
  5657 | D:5      | Found a snail-covered altar of Cheibriados.
  5720 | D:5      | Got an ichor-stained kite shield
  5726 | D:5      | Identified the +1 kite shield of Vlad {rC+ rCorr MP+9
                  | Int+2} (You found it on level 5 of the Dungeon)
  5975 | D:5      | Reached skill level 6 in Short Blades
  6328 | D:6      | Reached skill level 1 in Shields
  6328 | D:6      | Gained mutation: You have a pair of antennae on your head.
                  | [demonic ancestry]
  6328 | D:6      | Reached XP level 7. HP: 51/52 MP: 8/8
  6480 | D:6      | Noticed Eustachio
  6778 | D:6      | Killed Eustachio
  6778 | D:6      | Reached *** piety under Okawaru
  6881 | D:5      | Slain by an ogre

Levels and vault maps discovered:
D:1:      heliophobic_arrival_ceremonial_halls, layout_rooms
D:2:      layout_basic, zin_scriptorium, kiku_gazebo_garden_becter,
          nicolae_overflow_crystal_walls, first_ration
D:3:      layout_basic
D:4:      layout_basic
D:5:      layout_basic, overflow_temple_1_default
D:6:      layout_cave_pools, lemuel_doored_altar, vehumet_statue,
          elyvilon_altar_4, minmay_temple_entry_statues_pillars,
          minmay_misc_feat_rows, grunt_tough_drop, uniq_eustachio

Skill      XL: |  1  2  3  4  5  6 |
---------------+-------------------+-----
Short Blades   | 3 4 5 6 |  6.7
Dodging        | 3 |  3.5
Evocations     | 2 |  2.6
Shields        | 1 |  1.9
Fighting       | |  3.0
Stealth        | |  1.7

Action                   |  1- 3 |  4- 6 |  7- 9 || total
-------------------------+-------+-------+-------++-------
Melee: Short sword       |   101 |   455 |    39 ||   595
       Rapier            |       |       |     9 ||     9
Invok: Heroism           |       |     1 |       ||     1
 Abil: Evoke Berserk Rag |       |     1 |     2 ||     3
Evoke: Wand              |       |       |     1 ||     1
  Use: Scroll            |       |     7 |       ||     7
       Potion            |       |     2 |       ||     2
 Stab: Sleeping          |     4 |       |       ||     4
  Eat: Chunk             |     3 |    12 |       ||    15
       Ration            |       |     1 |     1 ||     2
Armor: Robe              |     5 |       |       ||     5
       Scale mail        |    22 |    70 |       ||    92
       Leather armour    |     4 |       |       ||     4
       Chain mail        |       |   122 |    23 ||   145
Dodge: Dodged            |    46 |   155 |    10 ||   211
Block: Kite shield       |       |    26 |    26 ||    52

Table legend:
 A = Non-vault XP
 B = Vault XP
 C = Vault XP percentage of total XP
 D = Non-vault monster count
 E = Vault monster count
 F = Vault count percentage of total count
                 A         B        C        D         E       F
            +---------+---------+-------+---------+---------+-------
      Total |     780 |     204 |  20.7 |      83 |       2 |   2.4
            +---------+---------+-------+---------+---------+-------
        D:1 |      19 |       0 |   0.0 |      11 |       0 |   0.0
        D:2 |      84 |       0 |   0.0 |      16 |       0 |   0.0
        D:3 |     133 |       0 |   0.0 |      33 |       0 |   0.0
        D:4 |      97 |       0 |   0.0 |       6 |       0 |   0.0
        D:5 |     352 |       0 |   0.0 |      14 |       0 |   0.0
        D:6 |      95 |     204 |  68.2 |       3 |       2 |  40.0
            +---------+---------+-------+---------+---------+-------
